 Dungeon Crawl Stone Soup version 0.27-a0-1186-g8b4daa1eef (webtiles) character file.

Game seed: 962037701004681926

95 st0uf the Ruffian (level 4, -5/36 HPs)
             Began as a Draconian Transmuter on May 19, 2021.
             Shot with an arrow by a centaur (7 damage)
             ... on level 3 of the Dungeon.
             The game lasted 00:07:05 (1852 turns).

st0uf the Ruffian (Draconian Transmuter)            Turns: 1852, Time: 00:07:05

Health: -5/36      AC:  6    Str: 13    XL:     4   Next: 40%
Magic:  7/7        EV: 12    Int: 13    God:
Gold:   46         SH:  0    Dex: 12    Spells: 6/7 levels left

rFire    . . .     SeeInvis .     - Unarmed
rCold    . . .     Faith    .   (no shield)
rNeg     . . .     Spirit   .   (armour unavailable)
rPois    .         Reflect  .   (helmet currently unavailable)
rElec    .         Harm     .   f - +0 cloak
rCorr    .         Rampage  .   (no gloves)
Will     .....                  (boots currently unavailable)
Stlth    ++........             (no amulet)
HPRegen  0.12/turn              (no ring)
MPRegen  0.10/turn              (no ring)

@: appendages (expiring)
A: horns 2, talons 2, AC +5, unfitting armour, cold-blooded
a: End Transformation


You were on level 3 of the Dungeon.
You had temporarily grown beastly horns and talons.
You visited 1 branch of the dungeon, and saw 3 of its levels.

You collected 46 gold pieces.

Inventory:

Armour
 f - a +0 cloak (worn)
Scrolls
 a - 3 scrolls of amnesia {unknown}
 b - a scroll of blinking {unknown}
 d - a scroll of enchant armour {unknown}
 e - 2 scrolls of magic mapping {unknown}
 h - a scroll of identify {unknown}
 i - a scroll of vulnerability {unknown}
 j - 2 scrolls of brand weapon {unknown}
 k - a scroll of silence {unknown}
 l - a scroll of teleportation {unknown}
Potions
 c - a potion of mutation {unknown}
 g - 2 potions of degeneration {unknown}


   Skills:
 + Level 2.1 Fighting
 + Level 2.3 Dodging
 + Level 1.3 Stealth
 + Level 3.4 Unarmed Combat
 + Level 2.4 Spellcasting
 + Level 2.6 Transmutations


You had 6 spell levels left.
You knew the following spells:

 Your Spells              Type           Power      Damage    Failure   Level
a - Beastly Appendage     Tmut           16%        N/A       9%          1

Your spell library contained the following spells:

 Spells                   Type           Power      Damage    Failure   Level
 Wereblood                Tmut           8%         N/A       13%         2
 Passwall                 Tmut/Erth      3%         N/A       22%         2
 Sandblast                Erth           2%         2d4       24%         1
 Summon Small Mammal      Summ           4%         N/A       24%         1
 Call Imp                 Summ           1%         N/A       36%         2
 Spider Form              Tmut/Pois      2%         N/A       41%         3
 Call Canine Familiar     Summ           1%         N/A       58%         3
 Stone Arrow              Conj/Erth      2%         3d7       58%         3
 Summon Guardian Golem    Hex/Summ       1%         N/A       58%         3
 Ice Form                 Ice/Tmut       4%         N/A       82%         4
 Petrify                  Tmut/Erth      4%         N/A       82%         4
 Hydra Form               Tmut           4%         N/A       93%         5
 Summon Ice Beast         Ice/Summ       1%         N/A       94%         4
 Summon Lightning Spire   Summ/Air       1%         N/A       94%         4
 Lee's Rapid Deconstruct  Erth           0%         3d5*      100%        5


Dungeon Overview and Level Annotations

Branches:
Dungeon (3/15)

Altars:

Shops:
D:1 ==[!!

Annotations:
D:2 1 runed translucent door, Crazy Yiuf


Innate Abilities, Weirdness & Mutations

You have temporarily grown beastly horns and talons.
Your plain brown scales are hard. (AC +5)
You cannot fit into any form of body armour.
You are cold-blooded and may be slowed by cold attacks.


Message History

You hit the adder. Your kick misses the adder.
Your tail-slap misses the adder.
The adder is lightly wounded.
The adder closely misses you.
You barely miss the adder.
Your tail-slap misses the adder.
The adder is lightly wounded.
The adder bites you but does no damage. The adder barely misses you.
You hit the adder. Your kick misses the adder.
You tail-slap the adder, but do no damage.
The adder is heavily wounded.
The adder barely misses you.
You hit the adder. Your kick misses the adder.
The adder is almost dead.
The adder closely misses you.
You hit the adder.
You kill the adder!
Your horns disappear.
Your talons disappear.
j - 2 scrolls labelled DUETIQ NUPNI (gained 1)
A kobold comes into view. It is wielding a +0 short sword.
The kobold shouts!
Casting: Beastly Appendage (safe; 9% risk of failure)
Confirm with . or Enter, or press ? or * to list all spells.
You grow a pair of large bovine horns.
Your feet morph into talons.
A centaur comes into view.
The centaur shouts!
You hit the kobold.
You kill the kobold!
The centaur wields a +0 shortbow.
The centaur shoots an arrow.
The arrow closely misses you.
A kobold comes into view. It is wielding a +0 short sword.
The centaur shoots an arrow.
The arrow hits you!
The centaur shoots an arrow.
The arrow hits you.
You hear a shout!
The centaur shoots an arrow.
The arrow barely misses you.
Your transformation is almost over.
The centaur shoots an arrow.
The arrow hits you but does no damage.
The centaur shoots an arrow.
The arrow hits you.
The centaur shoots an arrow.
The arrow hits you!
* * * LOW HITPOINT WARNING * * *
The centaur shoots an arrow.
The arrow hits you!
You die...

#### ...#### ######## . ...'..#
#......# .. ...##.#
######......##########.. ...##.#
#......@................
...##)####.....##................
...#...........##......c.........
####...........##................
#........#####................
#?....)).# #................
#.......†#####................
####.........................)...
.......).........................


You could see a centaur.

Vanquished Creatures
  5 adders
  2 dart slugs (D:3)
  5 orcs (D:3)
  4 bats
  5 endoplasms
  2 giant cockroaches (D:1)
  3 goblins
  3 hobgoblins
  3 jackals
  A quokka (D:1)
  A ball python (D:1)
  2 frilled lizards
  4 kobolds
  A rat (D:2)
41 creatures vanquished.

Notes
Turn   | Place    | Note
-------+----------+-------------------------------------------
     0 | D:1      | st0uf the Draconian Transmuter began the quest for the Orb.
     0 | D:1      | Reached XP level 1. HP: 16/16 MP: 3/3
    43 | D:1      | Found Vaurch's Distillery.
    62 | D:1      | Found Iqeok's Antique Armour Emporium.
    69 | D:1      | Found Xeypipha's Distillery.
   323 | D:1      | Found Qaif's Jewellery Shoppe.
   345 | D:1      | Reached XP level 2. HP: 7/23 MP: 3/5
   688 | D:1      | Found Poru's Jewellery Shop.
  1049 | D:2      | Reached skill level 1 in Stealth
  1049 | D:2      | Reached XP level 3. HP: 27/28 MP: 4/6
  1120 | D:2      | Found a runed translucent door.
  1121 | D:2      | Noticed Crazy Yiuf
  1739 | D:3      | Reached XP level 4. HP: 35/36 MP: 7/7
  1839 | D:3      | Noticed a centaur
  1852 | D:3      | Shot with an arrow by a centaur

Illustrated notes

Levels and vault maps discovered:
D:1:      dpeg_arrival_brainrot, layout_rooms, serial_shops,
          nicolae_shop_crystal, nicolae_shop_statue_plus,
          nicolae_shop_waterfront, shop, shop
D:2:      layout_rooms, uniq_crazy_yiuf_cottage
D:3:      kennysheep_slugbush, layout_basic, uniq_sigmund

Skill      XL: |  1  2  3  4 |
---------------+-------------+-----
Dodging        | 2 |  2.3
Stealth        | 1 |  1.3
Fighting       | 2 |  2.1
Unarmed Combat | |  3.4
Spellcasting   | |  2.4
Transmutations | |  2.6

Action                   |  1- 3 |  4- 6 || total
-------------------------+-------+-------++-------
Melee: Unarmed           |    97 |    35 ||   132
       Kick              |    20 |     3 ||    23
       Tailslap          |     8 |     4 ||    12
       Headbutt          |    10 |     2 ||    12
 Cast: Beastly Appendage |    25 |     3 ||    28
 Stab: Sleeping          |     3 |       ||     3
Armor: Skin              |    30 |     9 ||    39
Dodge: Dodged            |    67 |    20 ||    87

Table legend: (Time is in decaauts)
 A = Elapsed time spent in this place.
 B = Non-inter-level travel time spent in this place.
 C = Inter-level travel time spent in this place.
 D = Time resting spent in this place.
 E = Time spent auto-exploring this place.
 F = Levels seen in this place.
 G = Mean time per level.
                   A        B        C        D        E       F      G
               +--------+--------+--------+--------+--------+-----+--------+
         Total |   1845 |   1733 |    112 |    292 |    957 |   3 |  615.0 |
       Dungeon |   1845 |   1733 |    112 |    292 |    957 |   3 |  615.0 |
               +--------+--------+--------+--------+--------+-----+--------+

Top non-repeatable levels by time:
     D:1: 1005 daAuts
     D:2: 651 daAuts
     D:3: 188 daAuts
